 Dungeon Crawl Stone Soup version 0.31-a0-177-g4aa6249778 (webtiles) character file.

Game seed: 8711813557546475458

1010 qw the Skirmisher (level 8, -2/73 HPs)
             Began as a Naga Hunter on June 18, 2023.
             Slain by a gnoll
             ... wielding a +0 flail
              (4 damage)
             ... on level 5 of the Dungeon.
             The game lasted 00:02:59 (3470 turns).

qw the Skirmisher (Naga Hunter)                     Turns: 3470, Time: 00:03:00

Health: -2/73      AC: 15    Str: 14    XL:     8   Next: 21%
Magic:  8/8        EV:  9    Int:  9    God:
Gold:   944        SH:  0    Dex: 17    Spells: 7/7 levels left

rFire   . . .        h - +0 shortbow (heavy)
rCold   + . .        (shield currently unavailable)
rNeg    . . .        m - +3 leather armour
rPois   +            (no helmet)
rElec   .            (no cloak)
rCorr   .            k - +1 pair of gloves
SInv    +            c - +2 barding {rC+}
Will    +....        (no amulet)
Stlth   ++           g - +5 ring of evasion
HPRegen 0.32/turn    (no ring)
MPRegen 0.11/turn

%: no passive effects
@: about to teleport, short of breath, held, hasted, quick
A: AC +2, large, see invisible, deformed body, poison resistance, slowness 2,
spit poison 1, naga tail 1
a: Spit Poison


You were on level 5 of the Dungeon.
You visited 1 branch of the dungeon, and saw 5 of its levels.

You collected 944 gold pieces.


Innate Abilities, Weirdness & Mutations

Your serpentine skin is tough. (AC +2)
You have supernaturally acute eyesight. (SInv)
Armour fits poorly on your strangely shaped body.
Your system is resistant to poisons. (rPois)
You cover ground very slowly.
You can spit poison.
You have a snake-like lower body.


   Skills:
 + Level 4.5 Fighting
 - Level 8.0 Ranged Weapons
 - Level 1.0 Armour
 - Level 2.5 Dodging
 - Level 1.5 Stealth


You had 7 spell levels left.
You didn't know any spells.
Your spell library was empty.

Inventory:

Hand Weapons
 h - a +0 heavy shortbow (weapon)
Armour
 c - a +2 barding of cold resistance (worn)
 k - a +1 pair of gloves (worn)
 m - a +3 leather armour (worn)
Jewellery
 g - a +5 ring of evasion (left hand)
Scrolls
 i - a scroll of identify
Potions
 a - a potion of enlightenment
 b - a potion of mutation
 d - a potion of haste
 f - a potion of curing {unknown}
 j - a potion of resistance {unknown}

Dungeon Overview and Level Annotations

Branches:
Dungeon (5/15)
 Temple: D:4-7

Altars:
Cheibriados
Gozag
Hepliaklqana
Nemelex Xobeh
Ru
Sif Muna
Trog
Zin

Shops:
D:3 (

Annotations:
D:2 1 runed translucent door, Crazy Yiuf
D:5 2 transporters, qw's ghost, novice GrHu


Message History

Aiming: Spit Poison (1% risk of failure)
Press: ? - help, Shift-Dir - straight line, f/p - gnoll The splash of poison hits the gnoll!
The gnoll is poisoned.
You kill the gnoll!
The gnoll barely misses you. The orc closely misses you.
The gnoll hits you with a +0 flail! The gnoll hits you but does no damage.
The orc hits you with a +0 short sword.
The gnoll hits you from afar with a +0 spear.
The orc hits you but does no damage. The gnoll hits you but does no damage.
The gnoll barely misses you. The gnoll closely misses you.
The orc hits you but does no damage. The gnoll hits you with a +0 flail.
3459 ||| DRINKING 2 golden potions.
It was a potion of haste.
You feel yourself speed up.
The gnoll hits you from afar with a +0 spear.
The gnoll barely misses you. The orc hits you with a +0 short sword.
The gnoll barely misses you.
You have got your breath back.
The gnoll hits you with a +0 flail. The orc hits you but does no damage.
The gnoll hits you but does no damage. x2
3462 ||| INVOKING Spit Poison.
Aiming: Spit Poison (1% risk of failure)
Press: ? - help, Shift-Dir - straight line, f - gnoll The splash of poison misses the gnoll.
The gnoll hits you but does no damage. x2; The orc barely misses you.
The gnoll hits you with a +0 flail.
The gnoll hits you from afar with a +0 spear.
The gnoll hits you but does no damage. The orc hits you with a +0 short sword.
The gnoll closely misses you. The gnoll hits you but does no damage.
The gnoll closely misses you. The orc hits you but does no damage.
The gnoll barely misses you. The gnoll closely misses you.
The orc hits you but does no damage. The gnoll closely misses you.
The gnoll hits you with a +0 flail.
3468 ||| READING scroll of teleportation.
As you read the scroll of teleportation, it crumbles to dust.
You feel strangely unstable.
The gnoll hits you from afar with a +0 spear.
The gnoll hits you with a +0 flail! The orc completely misses you.
The gnoll barely misses you. The gnoll hits you with a +0 flail.
You die...

.............###.# #..##
######.#.##### #.# ##..### #...#
#.# #.....# ####
...####.#######.### #.....# #...
..................###.....###...
...#####.######.##...........###
#......................<.
#######..#......_......##
#..@g............##
....%..og#...........#
......#gg####.....####
$.....)...# #.....# ..........#
#.....# ........#.# ........ ?#
....... ..


You could see 4 gnolls and an orc.

Vanquished Creatures
  Menkaure (D:4)
  Duvessa (D:4)
  An ice beast (D:5)
  An ogre (D:5)
  3 scorpions
  Dowan (D:4)
  2 hounds
  An iguana (D:5)
  3 orc wizards
  A mummy (D:5)
  2 gnolls
  7 adders
  An ufetubus (D:5)
  3 worms
  4 dart slugs
  7 orcs
  13 ball pythons
  4 bats
  7 endoplasms
  4 giant cockroaches
  14 goblins
  12 hobgoblins
  7 kobolds
  8 quokkas
  7 frilled lizards
  9 rats
124 creatures vanquished.

Notes
Turn   | Place    | Note
-------+----------+-------------------------------------------
     0 | D:1      | qw the Naga Hunter began the quest for the Orb.
     0 | D:1      | Reached XP level 1. HP: 19/19 MP: 1/1
     0 | D:1      | 0 ||| qw: Version: 0.3-a-5-g6f28e65
     0 | D:1      | 0 ||| qw: Game counter: 704
     0 | D:1      | 0 ||| qw: Always use a shield: true
     0 | D:1      | 0 ||| qw: God list: Okawaru
     0 | D:1      | 0 ||| qw: Allow faded altars: false
     0 | D:1      | 0 ||| qw: Do Orc after D:15 true
     0 | D:1      | 0 ||| qw: Do second Lair branch before Depths: true
     0 | D:1      | 0 ||| qw: Lair rune preference: random
     0 | D:1      | 0 ||| qw: Plans: Normal
     0 | D:1      | 0 ||| PLANNING D:1-11
     6 | D:1      | 6 ||| INVOKING Spit Poison.
     9 | D:1      | HP: 3/19 [quokka (4)]
    91 | D:1      | 91 ||| INVOKING Spit Poison.
   101 | D:1      | 101 ||| INVOKING Spit Poison.
   102 | D:1      | Reached skill level 4 in Ranged Weapons
   102 | D:1      | Reached XP level 2. HP: 26/26 MP: 2/2
   118 | D:1      | 118 ||| INVOKING Spit Poison.
   140 | D:1      | 140 ||| INVOKING Spit Poison.
   172 | D:1      | 172 ||| INVOKING Spit Poison.
   182 | D:1      | 182 ||| INVOKING Spit Poison.
   187 | D:1      | 187 ||| INVOKING Spit Poison.
   197 | D:1      | You fall into a shaft and drop 1 floor!
   198 | D:2      | 198 ||| READING scroll labelled FUONGY NAPIR.
   199 | D:2      | 199 ||| READING scroll labelled TOUHOAM LUCERGH.
   200 | D:2      | 200 ||| READING scroll labelled WIXALA TILA.
   201 | D:2      | 201 ||| DROPPING scroll of butterflies.
   208 | D:1      | 208 ||| INVOKING Spit Poison.
   209 | D:1      | 209 ||| INVOKING Spit Poison.
   217 | D:1      | 217 ||| INVOKING Spit Poison.
   222 | D:1      | 222 ||| INVOKING Spit Poison.
   224 | D:1      | Reached XP level 3. HP: 23/32 MP: 3/3
   228 | D:1      | 228 ||| INVOKING Spit Poison.
   312 | D:1      | 312 ||| INVOKING Spit Poison.
   319 | D:1      | 319 ||| INVOKING Spit Poison.
   322 | D:1      | 322 ||| INVOKING Spit Poison.
   328 | D:1      | 328 ||| INVOKING Spit Poison.
   333 | D:1      | 333 ||| INVOKING Spit Poison.
   516 | D:1      | 516 ||| UPGRADING to +0 pair of gloves.
   521 | D:1      | 521 ||| READING scroll labelled FUCIT PAIXUFO.
   532 | D:2      | 532 ||| INVOKING Spit Poison.
   537 | D:2      | Reached skill level 5 in Ranged Weapons
   537 | D:2      | Reached XP level 4. HP: 36/39 MP: 4/4
   538 | D:2      | 538 ||| STAIRDANCE
   540 | D:1      | 540 ||| INVOKING Spit Poison.
   547 | D:1      | 547 ||| INVOKING Spit Poison.
   548 | D:1      | 548 ||| INVOKING Spit Poison.
   627 | D:2      | 627 ||| INVOKING Spit Poison.
   656 | D:2      | 656 ||| INVOKING Spit Poison.
   691 | D:2      | 691 ||| INVOKING Spit Poison.
   743 | D:2      | 743 ||| INVOKING Spit Poison.
   746 | D:2      | 746 ||| INVOKING Spit Poison.
   750 | D:2      | 750 ||| INVOKING Spit Poison.
   771 | D:2      | 771 ||| INVOKING Spit Poison.
   777 | D:2      | 777 ||| INVOKING Spit Poison.
   789 | D:2      | 789 ||| INVOKING Spit Poison.
   884 | D:2      | 884 ||| INVOKING Spit Poison.
   923 | D:2      | 923 ||| INVOKING Spit Poison.
   924 | D:2      | Reached skill level 3 in Fighting
   978 | D:2      | 978 ||| INVOKING Spit Poison.
   981 | D:2      | 981 ||| INVOKING Spit Poison.
   983 | D:2      | 983 ||| Stepping ~*~*~tactically~*~*~ (outnumbered).
   987 | D:2      | 987 ||| INVOKING Spit Poison.
   991 | D:2      | 991 ||| INVOKING Spit Poison.
   994 | D:2      | 994 ||| INVOKING Spit Poison.
  1001 | D:2      | 1001 ||| INVOKING Spit Poison.
  1004 | D:2      | Reached XP level 5. HP: 31/49 MP: 5/5
  1006 | D:2      | 1006 ||| INVOKING Spit Poison.
  1009 | D:2      | 1009 ||| INVOKING Spit Poison.
  1139 | D:2      | Found a runed translucent door.
  1140 | D:2      | Noticed Crazy Yiuf
  1143 | D:2      | 1143 ||| UPGRADING to +5 ring of evasion.
  1144 | D:2      | 1144 ||| READING scroll labelled MEGE DIRHIRUV.
  1180 | D:2      | 1180 ||| READING scroll labelled XIPATOUSMO.
  1181 | D:2      | 1181 ||| READING scroll labelled IGRAECZITHRY.
  1182 | D:2      | 1182 ||| DRINKING 2 viscous puce potions.
  1183 | D:2      | 1183 ||| READING 2 scrolls of identify.
  1183 | D:2      | 1183 ||| IDENTIFYING dark potion
  1184 | D:2      | 1184 ||| DROPPING potion of brilliance.
  1212 | D:3      | Found a shimmering blue altar of Sif Muna.
  1213 | D:3      | 1213 ||| INVOKING Spit Poison.
  1217 | D:3      | 1217 ||| INVOKING Spit Poison.
  1220 | D:3      | 1220 ||| INVOKING Spit Poison.
  1280 | D:3      | 1280 ||| INVOKING Spit Poison.
  1382 | D:3      | Found Darphodgh's Weapon Boutique.
  1471 | D:3      | 1471 ||| INVOKING Spit Poison.
  1558 | D:3      | 1558 ||| INVOKING Spit Poison.
  1562 | D:3      | Found a sacrificial altar of Ru.
  1598 | D:3      | 1598 ||| INVOKING Spit Poison.
  1627 | D:3      | Found a hazy altar of Hepliaklqana.
  1628 | D:3      | 1628 ||| READING 2 scrolls labelled VUUZEMP FODU.
  1629 | D:3      | 1629 ||| DROPPING scroll of noise.
  1632 | D:3      | 1632 ||| INVOKING Spit Poison.
  1636 | D:3      | 1636 ||| INVOKING Spit Poison.
  1643 | D:3      | 1643 ||| INVOKING Spit Poison.
  1888 | D:3      | Found a sparkling altar of Nemelex Xobeh.
  1889 | D:3      | Found an opulent altar of Gozag.
  2041 | D:3      | 2041 ||| INVOKING Spit Poison.
  2057 | D:3      | Found a glowing silver altar of Zin.
  2104 | D:3      | Found a bloodstained altar of Trog.
  2105 | D:3      | 2105 ||| INVOKING Spit Poison.
  2115 | D:3      | 2115 ||| INVOKING Spit Poison.
  2119 | D:3      | 2119 ||| INVOKING Spit Poison.
  2164 | D:3      | 2164 ||| UPGRADING to +1 pair of gloves.
  2174 | D:3      | 2174 ||| DROPPING +0 pair of gloves.
  2175 | D:3      | 2175 ||| READING scroll labelled WUWNIAN IRUO.
  2255 | D:3      | 2255 ||| READING scroll labelled OZUTTI SERYR.
  2256 | D:3      | 2256 ||| READING 2 scrolls of identify.
  2256 | D:3      | 2256 ||| IDENTIFYING sedimented cyan potion
  2257 | D:3      | 2257 ||| DROPPING potion of invisibility.
  2332 | D:4      | 2332 ||| INVOKING Spit Poison.
  2336 | D:4      | Reached skill level 6 in Ranged Weapons
  2337 | D:4      | Reached XP level 6. HP: 56/56 MP: 6/6
  2337 | D:4      | 2337 ||| INVOKING Spit Poison.
  2376 | D:4      | Noticed Menkaure
  2378 | D:4      | 2378 ||| FLEEEEING.
  2379 | D:4      | 2379 ||| FLEEEEING.
  2380 | D:4      | 2380 ||| FLEEEEING.
  2381 | D:4      | 2381 ||| FLEEEEING.
  2383 | D:4      | HP: 4/56 [Menkaure/nerve-wracking pain (14)]
  2384 | D:4      | 2384 ||| READING scroll of teleportation.
  2386 | D:4      | Killed Menkaure
  2601 | D:4      | Noticed Duvessa
  2602 | D:4      | 2602 ||| INVOKING Spit Poison.
  2602 | D:4      | Noticed Dowan
  2605 | D:4      | 2605 ||| INVOKING Spit Poison.
  2609 | D:4      | Killed Duvessa
  2610 | D:4      | Reached XP level 7. HP: 31/65 MP: 7/7
  2610 | D:4      | 2610 ||| INVOKING Spit Poison.
  2610 | D:4      | HP: 8/65 [Dowan/shard of ice (23)]
  2615 | D:4      | 2615 ||| INVOKING Spit Poison.
  2617 | D:4      | Killed Dowan
  2820 | D:4      | 2820 ||| INVOKING Spit Poison.
  2824 | D:4      | 2824 ||| INVOKING Spit Poison.
  2940 | D:4      | 2940 ||| INVOKING Spit Poison.
  3004 | D:4      | 3004 ||| INVOKING Spit Poison.
  3091 | D:4      | 3091 ||| INVOKING Spit Poison.
  3094 | D:4      | 3094 ||| INVOKING Spit Poison.
  3099 | D:4      | 3099 ||| INVOKING Spit Poison.
  3217 | D:4      | 3217 ||| INVOKING Spit Poison.
  3221 | D:4      | Reached skill level 7 in Ranged Weapons
  3241 | D:4      | 3241 ||| UPGRADING to +3 leather armour.
  3251 | D:4      | 3251 ||| DROPPING +0 leather armour.
  3252 | D:4      | 3252 ||| DROPPING ring of wizardry.
  3253 | D:4      | 3253 ||| DROPPING ring of flight.
  3254 | D:4      | 3254 ||| READING 2 scrolls labelled SANGYK LITYORE.
  3254 | D:4      | Identified 2 scrolls of acquirement
  3254 | D:4      | 3254 ||| ACQUIRING +2 barding of cold resistance
  3254 | D:4      | Acquired a +2 barding of cold resistance
  3255 | D:4      | 3255 ||| READING scroll of acquirement.
  3255 | D:4      | 3255 ||| ACQUIRING 666 gold pieces
  3255 | D:4      | Acquired 666 gold pieces
  3257 | D:4      | 3257 ||| UPGRADING to +2 barding of cold resistance.
  3262 | D:4      | 3262 ||| READING 2 scrolls of identify.
  3262 | D:4      | 3262 ||| IDENTIFYING viscous orange potion
  3302 | D:5      | Entered Level 5 of the Dungeon
  3310 | D:5      | 3310 ||| INVOKING Spit Poison.
  3353 | D:5      | 3353 ||| INVOKING Spit Poison.
  3354 | D:5      | Reached skill level 1 in Armour
  3368 | D:5      | Found a snail-covered altar of Cheibriados.
  3390 | D:5      | 3390 ||| INVOKING Spit Poison.
  3397 | D:5      | Found a transporter.
  3403 | D:5      | 3403 ||| INVOKING Spit Poison.
  3404 | D:5      | 3404 ||| INVOKING Spit Poison.
  3407 | D:5      | Reached XP level 8. HP: 73/73 MP: 8/8
  3414 | D:5      | Found a transporter.
  3418 | D:5      | Noticed qw's ghost (novice GrHu)
  3435 | D:5      | 3435 ||| INVOKING Spit Poison.
  3441 | D:5      | 3441 ||| INVOKING Spit Poison.
  3444 | D:5      | 3444 ||| INVOKING Spit Poison.
  3445 | D:5      | Reached skill level 8 in Ranged Weapons
  3445 | D:5      | 3445 ||| PLANNING D:1-11
  3445 | D:5      | 3445 ||| PLANNING D:1-11
  3445 | D:5      | 3445 ||| PLANNING D:1-11
  3445 | D:5      | 3445 ||| PLANNING D:1-11
  3448 | D:5      | 3448 ||| INVOKING Spit Poison.
  3455 | D:5      | 3455 ||| INVOKING Spit Poison.
  3459 | D:5      | 3459 ||| DRINKING 2 golden potions.
  3462 | D:5      | 3462 ||| INVOKING Spit Poison.
  3467 | D:5      | HP: 14/73 [gnoll/+0 flail (5)]
  3468 | D:5      | 3468 ||| READING scroll of teleportation.
  3468 | D:5      | HP: 1/73 [gnoll/+0 flail (9)]
  3470 | D:5      | Slain by a gnoll

Levels and vault maps discovered:
D:1:      lightli_arrival_chessboard, layout_rooms, nicolae_grassy_gnolls
D:2:      cheibrodos_greedy_goblins, layout_rooms, uniq_crazy_yiuf_cottage
D:3:      layout_loops_corners, lemuel_coloured_pillars_altar,
          mainiacjoe_overflow_small_starburst, lemuel_doored_altar,
          amcnicky_altar_gilded, trog_butcher_becter,
          grunt_temple_overflow_opulence, serial_shops,
          nicolae_shop_bloodbath_and_beyond
D:4:      layout_loops_ring, corexii_leaking_fountain, grunt_ministairs_8,
          uniq_menkaure, uniq_duvessa
D:5:      layout_rooms, elyvilon_altar_3, slow_altar_1,
          gammafunk_ghost_stat_death

Skill      XL: |  1  2  3  4  5  6  7  8 |
---------------+-------------------------+-----
Ranged Weapons | 4 5 6 7 8 |  8.0
Fighting       | 3 4 |  4.5
Armour         | 1 |  1.0
Dodging        | 2 |  2.5
Stealth        | |  1.5

Action                     |  1- 3 |  4- 6 |  7- 9 || total
---------------------------+-------+-------+-------++-------
   Fire: Shortbow          |    53 |   107 |    49 ||   209
Ability: Spit Poison       |    18 |    39 |    20 ||    77
    Use: Scroll            |     4 |     9 |     4 ||    17
         Potion            |       |     1 |     1 ||     2
 Armour: Leather armour    |     3 |    25 |    39 ||    67
  Dodge: Dodged            |     7 |    66 |    53 ||   126

Table legend:
 A = Non-vault XP
 B = Vault XP
 C = Vault XP percentage of total XP
 D = Non-vault monster count
 E = Vault monster count
 F = Vault count percentage of total count
                 A         B        C        D         E       F
            +---------+---------+-------+---------+---------+-------
      Total |     950 |     494 |  34.2 |     100 |      24 |  19.4
            +---------+---------+-------+---------+---------+-------
        D:1 |      72 |      14 |  16.3 |      34 |       1 |   2.9
        D:2 |      61 |      24 |  28.2 |      21 |      13 |  38.2
        D:3 |     117 |       8 |   6.4 |      21 |       4 |  16.0
        D:4 |     160 |     430 |  72.9 |      14 |       5 |  26.3
        D:5 |     540 |      18 |   3.2 |      10 |       1 |   9.1
            +---------+---------+-------+---------+---------+-------
